AoeStats
← sadhwani.i.s.m

Arabia

509348609Analyzed
1v1 RM · 5d ago on Sep 26, 2026· 69m 24s· 2 players
Game mode
Random Map
Map size
Tiny (2 player)
Population
200
Speed
Normal
Resources
Standard
Victory
Conquest
Starting age
Dark Age
Ending age
Imperial Age
RankedLock teamsTeams togetherTeam positionsShared explorationLock speedFull tech treeHidden civsTurbo modeCheats
Victory
Defeat
🇮🇳 Vietnamese · India
688
+18
🇫🇷 Persians · France
728
-18
sadhwani.i.s.m
0:44 Loom
11:08 Feudal Age
11:35 Double-Bit Axe
11:32 Horse Collar
13:58 Wheelbarrow
18:50 Town Watch
22:25 Castle Age
20:35 Gold Mining
20:38 Fletching
20:59 Stone Mining
22:06 Padded Archer Armor
22:16 Forging
22:18 Man-at-Arms
23:00 Scale Mail Armor
23:05 Scale Barding Armor
23:07 Crossbowman
23:54 Thumb Ring
23:54 Squires
23:40 Arson
24:54 Bow Saw
24:46 Heavy Plow
25:51 Stone Shaft Mining
25:35 Hand Cart
28:10 Elite Skirmisher
30:05 Long Swordsman
30:42 Bodkin Arrow
31:23 Iron Casting
37:24 Imperial Age
34:58 Town Patrol
35:52 Leather Archer Armor
35:56 Chain Mail Armor
35:34 Pikeman
38:09 Leather Archer Armor
40:27 Chain Barding Armor
39:58 Imperial Skirmisher
42:32 Bloodlines
41:42 Elite Battle Elephant
49:42 Husbandry
50:09 Ballistics
49:30 Treadmill Crane
50:00 Masonry
50:54 Chemistry
51:02 Two-Handed Swordsman
56:36 Bracer
57:07 Plate Mail Armor
57:15 Plate Barding Armor
57:11 Ring Archer Armor
ACHRAF
8:16 Feudal Age
9:39 Wheelbarrow
8:51 Double-Bit Axe
8:49 Horse Collar
17:35 Castle Age
18:16 Hand Cart
18:14 Bow Saw
19:53 Gold Mining
23:55 Gold Shaft Mining
27:39 Pikeman
28:20 Squires
27:44 Elite Skirmisher
28:19 Stone Mining
31:32 Imperial Age
30:33 Stone Shaft Mining
30:18 Fletching
30:53 Ballistics
31:20 Bodkin Arrow
31:27 Padded Archer Armor
32:59 Leather Archer Armor
34:57 Two-Man Saw
34:01 Heavy Plow
34:54 Conscription
35:51 Ring Archer Armor
37:39 Chemistry
36:37 Murder Holes
38:49 Masonry
40:53 Forging
46:37 Fervor
46:42 Block Printing
47:03 Theocracy
46:24 Herbal Medicine
54:29 Crossbowman
57:32 Iron Casting
57:19 Halberdier
65:31 Thumb Ring
Connection lost

Rejoining the realm…

Still unreachable

The connection could not be restored.

Session expired

The server has moved on; the page needs a fresh start.